AoeStats
← ska_18

Nomad

504982642Analyzed
3v3 RM · 25d ago on Sep 7, 2026· 45m 29s· 6 players
Game mode
Random Map
Map size
210×210
Population
200
Speed
Normal
Resources
Standard
Victory
Conquest
Starting age
Dark Age
Ending age
Imperial Age
RankedLock teamsTeams togetherTeam positionsShared explorationLock speedFull tech treeHidden civsTurbo modeCheats
Victory
Defeat
🇦🇷 Italians · Argentina
914
+22
🇮🇳 Huns · India
906
+22
🇹🇼 Romans · Taiwan
869
+24
🇦🇹 Saracens · Austria
1070
-23
🇹🇼 Vietnamese · Taiwan
1061
-23
🇬🇧 Huns · United Kingdom
1023
-22
Mehaverage
3:49 Loom
14:00 Feudal Age
21:07 Castle Age
19:20 Padded Archer Armor
19:25 Fletching
29:42 Wheelbarrow
30:18 Double-Bit Axe
30:18 Horse Collar
35:22 Imperial Age
33:22 Scale Barding Armor
33:32 Forging
34:27 Chain Barding Armor
35:01 Stone Mining
35:01 Gold Mining
35:56 Iron Casting
39:58 Plate Barding Armor
41:23 Conscription
43:22 Elite Skirmisher
44:09 Thumb Ring
ska_18
deankuo
6:02 Loom
13:29 Feudal Age
14:12 Double-Bit Axe
20:47 Fishing Lines
24:53 Castle Age
26:01 Bow Saw
28:40 Gold Mining
29:28 Wheelbarrow
30:47 Medium Warships
30:35 Fletching
34:42 Imperial Age
34:24 Ballistics
33:59 Stone Mining
35:39 Squires
35:49 Elite Fire Lancer
36:09 Pikeman
38:14 Bodkin Arrow
38:20 Scale Mail Armor
38:31 Forging
39:05 Gillnets
40:35 Arson
40:11 Halberdier
41:29 Chain Mail Armor
41:15 Bracer
42:55 Elite Rattan Archer
44:19 Padded Archer Armor
44:50 Plate Mail Armor
45:40 Chemistry
happy2a50ut
12:02 Loom
15:06 Feudal Age
15:57 Double-Bit Axe
15:56 Horse Collar
18:37 Castle Age
16:28 Fishing Lines
17:28 Stone Mining
18:22 Wheelbarrow
21:23 Bow Saw
21:57 Hand Cart
21:46 Gillnets
22:26 Gold Mining
25:24 Heavy Plow
30:30 Imperial Age
28:55 Marauders
29:45 Scale Barding Armor
29:51 Forging
29:42 Padded Archer Armor
29:33 Fletching
30:31 Gold Shaft Mining
30:26 Bloodlines
30:24 Husbandry
30:51 Ballistics
30:27 Murder Holes
31:20 Chain Barding Armor
32:33 Two-Man Saw
33:51 Conscription
32:54 Elite Tarkan
35:02 Thumb Ring
35:14 Town Watch
37:03 Fervor
37:14 Sanctity
38:23 Parthian Tactics
38:55 Plate Barding Armor
38:56 Iron Casting
38:17 Bodkin Arrow
38:49 Heavy Cavalry Archer
42:16 Blast Furnace
41:21 Scale Mail Armor
45:33 Chemistry
J_J
5:05 Loom
14:12 Feudal Age
22:36 Castle Age
21:26 Double-Bit Axe
22:37 Fishing Lines
22:43 Horse Collar
26:30 Fletching
27:54 Bow Saw
30:44 Wheelbarrow
37:58 Imperial Age
35:47 Heavy Plow
38:11 Bodkin Arrow
39:02 Hand Cart
39:10 Ballistics
38:45 Murder Holes
39:02 Clinker Construction
39:16 Padded Archer Armor
41:22 Two-Man Saw
41:09 Conscription
40:55 Gold Mining
41:34 Stone Mining
41:41 Gillnets
42:33 Elite Skirmisher
43:18 Bracer
44:21 Chemistry
43:43 Carvel Hull
44:01 Crop Rotation
kiss my laba432
3:44 Loom
15:49 Feudal Age
21:12 Castle Age
20:14 Man-at-Arms
21:08 Forging
20:59 Scale Mail Armor
23:30 Fervor
27:28 Long Swordsman
28:03 Fletching
28:22 Double-Bit Axe
30:16 Wheelbarrow
30:41 Gold Mining
30:57 Squires
31:35 Iron Casting
32:18 Hand Cart
37:48 Imperial Age
35:55 Chain Mail Armor
37:53 Fletching
40:20 Blast Furnace
39:46 Conscription
39:58 Pikeman
42:52 Legionary
Connection lost

Rejoining the realm…

Still unreachable

The connection could not be restored.

Session expired

The server has moved on; the page needs a fresh start.